 Dungeon Crawl Stone Soup version 0.30-a0-939-gc8157cb160 (webtiles) character file.

Game seed: 8671782752204532869

1668 gohu the Cleaver (level 9, 0/118 HPs)
             Began as a Hill Orc Fighter on Mar 25, 2023.
             Was a Believer of Trog.
             Slain by a hornet (1 damage)
             ... on level 7 of the Dungeon.
             The game lasted 00:16:15 (5724 turns).

gohu the Cleaver (Hill Orc Fighter)                 Turns: 5724, Time: 00:16:16

Health: 0/118      AC: 12    Str: 29    XL:     9   Next: 1%
Magic:  9/9        EV:  8    Int:  8    God:    Trog [**....]
Gold:   167        SH:  4    Dex: 10    Spells: 8/8 levels left

rFire   . . .      SeeInvis .    a - +0 war axe
rCold   . . .      Faith    +    c - +0 buckler
rNeg    . . .      Spirit   .    D - +0 chain mail
rPois   .          Reflect  .    B - +0 helmet
rElec   .          Rampage  .    y - +0 cloak
rCorr   +                        (no gloves)
Will    .....                    (no boots) Stlth
                                 n - amulet of faith
HPRegen 0.39/turn                u - ring of resist corrosion
MPRegen 0.11/turn                F - +6 ring of strength

@: berserking, lethally poisoned (0 -> -12), slowed, studying Long Blades
A: no striking features
a: Renounce Religion, Berserk, Trog's Hand


You were on level 7 of the Dungeon.
You worshipped Trog.
Trog was pleased with you.
You visited 2 branches of the dungeon, and saw 8 of its levels.
You also visited: Sewer.

You collected 347 gold pieces.
You spent 180 gold pieces at shops.

Inventory:

Hand Weapons
 a - a +0 war axe (weapon)
Missiles
 N - 3 boomerangs (quivered)
Armour
 b - a +0 scale mail
 c - a +0 buckler (worn)
 y - a +0 cloak (worn)
 B - a +0 helmet (worn)
 D - a +0 chain mail (worn)
Jewellery
 n - an amulet of faith (around neck)
 u - a ring of resist corrosion (left hand)
 F - a +6 ring of strength (right hand)
 I - a +6 ring of strength
 J - a ring of fire
 O - an amulet of reflection
Wands
 p - a wand of paralysis (14)
 G - a wand of mindburst (15)
 L - a wand of iceblast (3)
Scrolls
 g - 5 scrolls of enchant armour {unknown}
 i - a scroll of vulnerability {unknown}
 k - 2 scrolls of amnesia {unknown}
 m - a scroll of immolation {unknown}
 o - a scroll of torment {unknown}
 q - a scroll of enchant weapon {unknown}
 v - a scroll of fear {unknown}
 w - a scroll of blinking
 z - 2 scrolls of teleportation
 A - a scroll of magic mapping
 C - 4 scrolls of identify {unknown}
 K - a scroll of acquirement {unknown}
 M - a scroll of fog {unknown}
Potions
 d - 2 potions of might
 e - 2 potions of attraction
 f - 2 potions of mutation {unknown}
 h - 2 potions of curing
 j - a potion of lignification
 l - 3 potions of degeneration {unknown}
 r - 2 potions of brilliance {unknown}
 s - 2 potions of berserk rage
 t - 2 potions of haste {unknown}
 x - 2 potions of heal wounds {unknown}
 E - a potion of ambrosia {unknown}
 H - 2 potions of resistance {unknown}


   Skills:
 * Level 7.4 Fighting
 * Level 11.5 Axes
 + Level 5.8 Armour
 + Level 3.2 Shields


You had 8 spell levels left.
You didn't know any spells.
Your spell library contained the following spells:

 Spells                   Type           Power      Damage    Failure   Level
 Ensorcelled Hibernation  Hex/Ice        0%         N/A       99%         2
 Spider Form              Tmut/Pois      0%         N/A       100%        3
 Anguish                  Hex/Necr       0%         N/A       100%        4
 Alistair's Intoxication  Tmut/Pois      0%         N/A       100%        5
 Borgnjor's Vile Clutch   Necr/Erth      0%         N/A       100%        5
 Eringya's Noxious Bog    Tmut/Pois      0%         N/A       100%        6


Dungeon Overview and Level Annotations

Branches:
Dungeon (7/15)             Temple (1/1) D:7           Sewer (visited)

Altars:
Ashenzari
Dithmenos
Kikubaaqudgha
Makhleb
Ru
Trog
Wu Jian
Xom

Shops:
D:4 *[?([


Message History

You hit the bush but do no damage. You hit the bush.
You feel very sick. The hornet stings you!
You are more poisoned.
You feel as though you will be slow longer.
The hornet stings you!
* * * LOW HITPOINT WARNING * * *
You are lethally poisoned!
You feel as though you will be slow longer.
You closely miss the hornet.
The hornet is moderately wounded.
You hit the bush but do no damage. x2; You slash the bush!
You hit the bush.
* * * LOW HITPOINT WARNING * * *
You feel extremely sick. The hornet misses you.
You miss the hornet.
The hornet is moderately wounded.
You slash the bush! You hit the bush. You hit the bush but do no damage. x2
* * * LOW HITPOINT WARNING * * *
You feel extremely sick. The hornet stings you!
* * * LOW HITPOINT WARNING * * *
You feel as though you will be slow longer.
The hornet stings you but does no damage.
You are too berserk!
You miss the hornet.
The hornet is moderately wounded.
You slash the bush! You hit the bush but do no damage. You hit the bush.
You hit the bush but do no damage.
* * * LOW HITPOINT WARNING * * *
You feel very sick. The hornet barely misses you.
You barely miss the hornet.
The hornet is lightly wounded.
You slash the bush! You hit the bush. You hit the bush but do no damage.
You hit the bush.
* * * LOW HITPOINT WARNING * * *
You feel very sick. You block the hornet's attack. The hornet stings you.
You die...

..........#......# ....#
#####.##.......### ....#.
.###..#####....# ......
.....## #.....## #...:..
......#......##.##.......
.............##..........
##...............P...##.
##............P.Py...##.
#...............@P.......
##......<.....P.PP?#.....
####..............P#.....
...........##...# ....
.......... #.... ...
.......... ##.... ? ...
..... #.. ......


You could see a hornet.

Vanquished Creatures
  Sigmund (D:2)
  A steam dragon (D:6)
  A water moccasin (D:6)
  An ice beast (D:5)
  A black bear (D:4)
  3 lemures (D:6)
  3 bullfrogs
  2 scorpions
  A gnoll sergeant (D:6)
  2 jellies
  3 hounds
  An orc priest (D:3)
  4 iguanas
  Terence (D:2)
  An orc wizard (D:4)
  10 gnolls
  8 adders
  2 shadow imps (D:6)
  2 white imps (D:6)
  2 ufetubi
  4 worms
  4 dart slugs
  7 orcs
  15 ball pythons
  17 endoplasms
  13 giant cockroaches
  11 goblins
  6 hobgoblins
  2 jackals (D:4)
  6 kobolds
  12 quokkas
  6 bats
  18 frilled lizards
  8 rats
179 creatures vanquished.

Notes
Turn   | Place    | Note
-------+----------+-------------------------------------------
     0 | D:1      | gohu the Hill Orc Fighter began the quest for the Orb.
     0 | D:1      | Reached XP level 1. HP: 19/19 MP: 1/1
    78 | D:1      | Reached skill level 3 in Axes
    78 | D:1      | Reached XP level 2. HP: 24/27 MP: 2/2
   151 | D:2      | Noticed Sigmund
   151 | D:2      | Noticed Terence
   344 | D:1      | Reached XP level 3. HP: 34/34 MP: 3/3
   826 | D:3      | Reached skill level 4 in Axes
   826 | D:3      | Reached XP level 4. HP: 38/41 MP: 4/4
  1128 | D:4      | Found Enipry's Weapon Boutique.
  1229 | D:3      | Found a broken altar of Ashenzari.
  1558 | D:3      | Reached skill level 5 in Axes
  1798 | D:3      | Reached XP level 5. HP: 45/47 MP: 5/5
  1957 | D:4      | Noticed a black bear
  1964 | D:4      | Killed a black bear
  1965 | D:4      | Reached skill level 5 in Fighting
  1965 | D:4      | Reached skill level 6 in Axes
  1965 | D:4      | Reached XP level 6. HP: 42/56 MP: 6/6
  1975 | D:4      | Found a shadowy altar of Dithmenos.
  1979 | D:5      | Entered Level 5 of the Dungeon
  2254 | D:5      | Reached skill level 7 in Axes
  2331 | D:5      | Found a glowing drain.
  2335 | Sewer    | Entered a sewer
  2674 | Sewer    | Reached XP level 7. HP: 61/61 MP: 7/7
  2682 | Sewer    | Reached skill level 8 in Axes
  2780 | D:4      | Found a bloodstained altar of Trog.
  2789 | D:4      | Became a worshipper of Trog the Wrathful
  2825 | D:4      | Found Zaorr's Magic Scroll Shoppe.
  2837 | D:4      | Bought a scroll of teleportation for 36 gold pieces
  2837 | D:4      | Bought a scroll of magic mapping for 90 gold pieces
  2858 | D:4      | Found Zingemn's Assorted Antiques.
  2878 | D:4      | Bought an amethyst potion for 27 gold pieces
  2878 | D:4      | Bought a black potion for 27 gold pieces
  2986 | D:4      | Found Kiacwejo's Antique Armour Shop.
  3076 | D:4      | Found Vickats's Armour Boutique.
  3194 | D:2      | Killed Terence
  3204 | D:2      | Killed Sigmund
  3205 | D:2      | Reached skill level 9 in Axes
  3267 | D:2      | Reached * piety under Trog
  3641 | D:5      | Reached XP level 8. HP: 42/70 MP: 8/8
  4161 | D:5      | Reached skill level 10 in Axes
  4549 | D:6      | Reached skill level 5 in Armour
  4712 | D:6      | Found an ornate altar of the Wu Jian Council.
  4879 | D:6      | Reached skill level 11 in Axes
  4882 | D:6      | Reached ** piety under Trog
  5172 | D:6      | Reached XP level 9. HP: 71/79 MP: 9/9
  5704 | D:7      | Found a staircase to the Ecumenical Temple.
  5711 | D:7      | Noticed a hornet
  5713 | Temple   | Entered the Ecumenical Temple
  5717 | D:7      | Paralysed by a hornet for 1 turns
  5723 | D:7      | HP: 5/118 [poisoned by a hornet]
  5724 | D:7      | HP: 1/118 [poisoned by a hornet]
  5724 | D:7      | Slain by a hornet

Illustrated notes

Levels and vault maps discovered:
D:1:      psy_arrival_whirlpool, layout_basic, minmay_misc_feat_room
D:2:      layout_rooms, eino_tiny_chamber, minmay_lizard_pond, uniq_sigmund,
          uniq_terence
D:3:      minmay_bubble_buster, layout_basic, mainiacjoe_overflow_24_doors
D:4:      layout_cave_pools, trog_three_pillars_becter, grunt_dithmenos_smoke,
          serial_shops, nicolae_shop_behind_doors, kennysheep_little_box,
          nicolae_square_shop, nicolae_shop_bloodbath_and_beyond, shop
D:5:      layout_loops_ring, gup_sewer_entry_bowl
D:6:      layout_loops_ring, nicolae_wu_jian_wuxing_cycle,
          minmay_manual_mandibuliform, uniq_pikel
D:7:      layout_cave_pools, minmay_temple_entry_overgrown
Temple:   nicolae_temple_bog_church

Skill      XL: |  1  2  3  4  5  6  7  8 |
---------------+-------------------------+-----
Axes           | 3 4 5 6 7 9 11 | 11.5
Fighting       | 4 5 6 7 |  7.4
Armour         | 4 5 |  5.8
Shields        | |  3.2

Action                     |  1- 3 |  4- 6 |  7- 9 || total
---------------------------+-------+-------+-------++-------
  Melee: War axe           |    98 |   220 |   198 ||   516
 Invoke: Berserk           |       |       |     3 ||     3
    Use: Potion            |       |     4 |     1 ||     5
 Armour: Scale mail        |    46 |    97 |    23 ||   166
         Skin              |       |     6 |       ||     6
         Chain mail        |       |       |    62 ||    62
  Dodge: Dodged            |    48 |    73 |    75 ||   196
  Block: Buckler           |    34 |    48 |    38 ||   120

Table legend: (Time is in decaauts)
 A = Elapsed time spent in this place.
 B = Non-inter-level travel time spent in this place.
 C = Inter-level travel time spent in this place.
 D = Time resting spent in this place.
 E = Time spent auto-exploring this place.
 F = Levels seen in this place.
 G = Mean time per level.
                   A        B        C        D        E       F      G
               +--------+--------+--------+--------+--------+-----+--------+
         Total |   5912 |   5609 |    303 |    300 |   3765 |   9 |  656.9 |
       Dungeon |   5462 |   5159 |    303 |    300 |   3578 |   7 |  780.3 |
        Temple |      2 |      2 |      0 |      0 |      0 |   1 |    2.0 |
         Sewer |    448 |    448 |      0 |      0 |    187 |   1 |  448.0 |
               +--------+--------+--------+--------+--------+-----+--------+

Top non-repeatable levels by time:
     D:6: 1380 daAuts
     D:3: 1220 daAuts
     D:5: 944 daAuts
     D:4: 776 daAuts
     D:1: 651 daAuts
   Sewer: 448 daAuts
     D:2: 438 daAuts
     D:7: 51 daAuts
  Temple: 2 daAuts
